 Dungeon Crawl Stone Soup version 0.20-b1-14-g8425815 (webtiles) character file.

279 tof the Ruffian (level 6, -9/55 HPs)
             Began as a Troll Transmuter on May 23, 2017.
             Mangled by an ogre
             ... wielding a +0 giant club
              (20 damage)
             ... on level 4 of the Dungeon.
             The game lasted 00:10:08 (2377 turns).

tof the Ruffian (Troll Transmuter)                  Turns: 2377, Time: 00:10:09

Health: -9/55      AC:  5    Str: 19    XL:     6   Next: 5%
Magic:  1/7        EV: 10    Int: 10    God:
Gold:   161        SH:  0    Dex: 11    Spells: 5/8 levels left

rFire    . . .     SeeInvis .     - Unarmed
rCold    . . .     Gourm    +   (no shield)
rNeg     . . .     Faith    .   b - +0 robe
rPois    .         Spirit   .   (helmet restricted)
rElec    .         Reflect  .   (no cloak)
rCorr    .         Harm     .   (gloves unavailable)
MR       .....                  (boots unavailable)
Stlth    +.........             (no amulet)
Regen    0.6/turn               l - ring of flight
MPRegen  0.1/turn               (no ring)

@: no status effects
A: unfitting armour, claws 3, fast metabolism 3, gourmand, regeneration 1,
shaggy fur 1, tough skin 2
a: Evoke Flight


You were on level 4 of the Dungeon.
You were completely stuffed.

You visited 1 branch of the dungeon, and saw 4 of its levels.

You collected 161 gold pieces.

Inventory:

Missiles
 a - 38 arrows
Armour
 b - a +0 robe (worn)
Jewellery
 l - a ring of flight (left claw)
Scrolls
 e - a scroll of recharging {unknown}
 g - 2 scrolls of remove curse {unknown}
 k - a scroll of random uselessness {unknown}
 m - a scroll of fear {unknown}
 p - 2 scrolls of enchant weapon {unknown}
 q - 2 scrolls of identify {unknown}
 u - 2 scrolls of teleportation {unknown}
 v - a scroll of immolation {unknown}
Potions
 f - 2 potions of haste {unknown}
 h - a potion of resistance {unknown}
 o - a potion of agility {unknown}
 s - 2 potions of lignification {unknown}
 t - 3 potions of curing {unknown}
 w - 2 potions of flight {unknown}
Books
 c - a book of Changes

   Spells                             Type                      Level
   a - Beastly Appendage              Transmutation                1
   b - Sticks to Snakes               Transmutation                2
   c - Spider Form                    Transmutation/Poison         3
   d - Ice Form                       Ice/Transmutation            4
   e - Blade Hands                    Transmutation                5
 n - a book of Minor Magic

   Spells                             Type                      Level
   a - Magic Dart                     Conjuration                  1
   b - Blink                          Translocation                2
   c - Call Imp                       Summoning                    2
   d - Slow                           Hexes                        2
   e - Conjure Flame                  Conjuration/Fire             3
   f - Mephitic Cloud                 Conjuration/Poison/Air       3
Comestibles
 d - 4 bread rations
 i - 2 chunks of flesh
 j - 7 fruits
 r - a meat ration


   Skills:
 + Level 1.0 Fighting
 + Level 1.9 Dodging
 + Level 0.2 Stealth
 * Level 5.5 Unarmed Combat
 + Level 1.6 Spellcasting
 * Level 2.4 Transmutations


You had 5 spell levels left.
You knew the following spells:

 Your Spells              Type           Power        Failure   Level  Hunger
a - Beastly Appendage     Tmut           #.....       12%         1    ##.....
b - Sticks to Snakes      Tmut           #.......     19%         2    ###....


Dungeon Overview and Level Annotations

Branches:
Dungeon (4/15)
 Temple: D:4-7

Altars:
Nemelex Xobeh


Innate Abilities, Weirdness & Mutations

You are too large for most types of armour.
You have claws for hands.
Your metabolism is lightning-fast.
You like to eat raw meat.
Your natural rate of healing is unusually fast.
You are covered in fur. (AC +1)
You have very tough skin. (AC +2)


Message History

You swap places.
The ogre hits your ball python with a giant club!!
Your ball python dies!
Casting: Sticks to Snakes
Confirm with . or Enter, or press ? or * to list all spells.
You create a snake!
You now have 39 arrows.
The ogre hits your ball python with a giant club!!
Your ball python dies!
Casting: Sticks to Snakes
Confirm with . or Enter, or press ? or * to list all spells.
You create a snake!
You now have 38 arrows.
Your ball python bites the ogre.
Your ball python bites the ogre.
The ogre hits you with a giant club!
* * * LOW HITPOINT WARNING * * *
Your ball python bites the ogre.
Your ball python bites the ogre.
The ogre hits your ball python with a giant club.
Your ball python bites the ogre.
The ogre hits you with a giant club!!
You die...

.............# ##..##
............# ##....###
#...........# ##.......##
#........# #.........##
#.....># ##..........## ###
#...## ##............##...
###..## #..............#.#
#####..###................#
.......#..##..@S...........##
............#<.O...........#
......<......#............##
..........##.............##
...........##...........##
..........(###.........##
............ ##........#
...........# ##......##
..........# ##....##


You could see an ogre and a friendly ball python.

Vanquished Creatures
  An orc priest (D:3)
  An orc wizard (D:3)
  6 adders
  4 gnolls (D:2)
  3 oozes
  5 worms
  A leopard gecko (D:3)
  8 orcs (D:3)
  A ball python (D:3)
  6 bats
  2 giant cockroaches (D:3)
  11 goblins
  10 hobgoblins
  13 jackals
  12 kobolds
  2 quokkas (D:3)
  4 frilled lizards
  7 rats
97 creatures vanquished.

Notes
Turn   | Place    | Note
-------+----------+-------------------------------------------
     0 | D:1      | tof the Troll Transmuter began the quest for the Orb.
     0 | D:1      | Reached XP level 1. HP: 18/18 MP: 1/1
   115 | D:1      | Found a sparkling altar of Nemelex Xobeh.
   286 | D:1      | Reached XP level 2. HP: 26/26 MP: 3/3
   622 | D:1      | Reached XP level 3. HP: 32/32 MP: 4/4
   912 | D:2      | Found a sparkling altar of Nemelex Xobeh.
  1060 | D:2      | Reached skill level 4 in Unarmed Combat
  1260 | D:2      | Reached skill level 1 in Fighting
  1260 | D:2      | Reached XP level 4. HP: 41/41 MP: 3/5
  1760 | D:3      | Reached XP level 5. HP: 48/48 MP: 4/6
  1876 | D:3      | Reached skill level 5 in Unarmed Combat
  2197 | D:3      | Reached XP level 6. HP: 44/55 MP: 4/7
  2201 | D:3      | Learned a level 2 spell: Sticks to Snakes
  2377 | D:4      | Mangled by an ogre

Skill      XL: |  1  2  3  4  5 |
---------------+----------------+-----
Unarmed Combat | 4 5 |  5.5
Fighting       | 1 |  1.0
Transmutations | 2 |  2.4
Dodging        | |  1.9
Stealth        | |  0.2
Spellcasting   | |  1.6

Action                   |  1- 3 |  4- 6 || total
-------------------------+-------+-------++-------
Melee: Unarmed           |    80 |   123 ||   203
       Kick              |     4 |     5 ||     9
       Headbutt          |       |     6 ||     6
 Cast: Beastly Appendage |    12 |    23 ||    35
       Sticks to Snakes  |       |     3 ||     3
 Stab: Sleeping          |     1 |     1 ||     2
  Eat: Chunk             |    17 |    12 ||    29
Armor: Robe              |    28 |    28 ||    56
Dodge: Dodged            |    35 |    44 ||    79
